Cogmind - Beta 13 @@@ ROGUE MODE // 2024.06.18 @ 17:08:28 Player: Zera Result: Destroyed by S-27 Virus with Autogun Performance ------------- Evolutions (3) 1500 Regions Visited (6) 1200 Robots Destroyed (50) 250 Value Destroyed (1069) 1069 Prototype IDs (0) 0 Alien Tech Used (0) 0 Bonus (-21) -21 TOTAL SCORE: 3998 Bonus ------- Friendly Fire -21 Cogmind --------- Core Integrity 0/700 Matter 7/300 Energy 99/100 System Corruption 0% Temperature Cool (0) Movement Core (50) Location -7/Factory Parts ------- > --- POWER (2) -------- (None) > --- PROPULSION (2) --- (None) > --- UTILITY (6) ------ Advanced Targeting Computer > --- WEAPON (3) ------- (None) > --- INVENTORY (5) ---- Ion Engine Micro Fission Core Aerolev Unit Improved Medium Armor Plating Peak State ------------ > --- POWER ------------ Reinforced Ion Engine Deuterium Engine > --- PROPULSION ------- Advanced Treads Centrium Wheel > --- UTILITY ---------- Advanced Targeting Computer Recoil Stabilizer Improved Medium Armor Plating Improved Medium Armor Plating Improved Medium Armor Plating Reactive Plating > --- WEAPON ----------- Autogun Heavy Assault Cannon > --- INVENTORY -------- Ion Engine Titanium Leg Improved Medium Armor Plating Mini Grenade Launcher [Rating: 45] Favorites ----------- Power Reinforced Ion Engine Engine Reinforced Ion Engine Propulsion Aluminum Leg Treads Advanced Treads Leg Aluminum Leg Wheel Centrium Wheel Utility Light Armor Plating Device Recoil Stabilizer Storage Large Storage Unit Processor Advanced Targeting Computer Protection Light Armor Plating Weapon Heavy Assault Cannon Energy Gun Medium Laser Ballistic Gun Light Assault Rifle Ballistic Cannon Heavy Assault Cannon Launcher Mini Grenade Launcher Special Weapon Mining Laser Impact Weapon Mace Build | -11 -10 -9 -8 -7 -7 -7 ------- Run | Yrd Mat Mat Mat Fac Was Fac Slots Evolved 6 | . . 2 2 2 . . Power 1 | . . 1 . . . . Propulsion . | . . . . . . . Utility 4 | . . . 2 2 . . Weapon 1 | . . 1 . . . . Parts Attached 59 | 9 10 19 7 12 1 1 Power 10 | 2 1 4 3 . . . Engine 10 | 2 1 4 3 . . . Core . | . . . . . . . Reactor . | . . . . . . . Propulsion 10 | 2 . 3 1 3 1 . Treads 1 | . . . . 1 . . Leg 8 | 2 . 3 1 2 . . Wheel 1 | . . . . . 1 . Hover . | . . . . . . . Flight . | . . . . . . . Utility 14 | 2 2 3 3 4 . . Device 2 | 1 . . . 1 . . Storage 3 | 1 1 . 1 . . . Processor 2 | . . . 2 . . . Hackware . | . . . . . . . Protection 7 | . 1 3 . 3 . . Artifact . | . . . . . . . Weapon 25 | 3 7 9 . 5 . 1 Energy Gun 7 | 1 3 3 . . . . Energy Cannon . | . . . . . . . Ballistic Gun 8 | 1 1 2 . 4 . . Ballistic Cannon 2 | . . 1 . 1 . . Launcher 5 | . 3 1 . . . 1 Special Weapon 1 | 1 . . . . . . Impact Weapon 2 | . . 2 . . . . Slashing Weapon . | . . . . . . . Piercing Weapon . | . . . . . . . Special Melee Weapon . | . . . . . . . Unidentified Prototypes . | . . . . . . . Parts Lost 7 | . . . . . 5 2 Power 1 | . . . . . 1 . Propulsion 2 | . . . . . 1 1 Utility 1 | . . . . . 1 . Weapon 3 | . . . . . 2 1 Highest Loss Streak 5 | . . . . . 5 1 To Critical Strikes 1 | . . . . . 1 . Average Slot Usage (%) 80 | . 98 95 87 97 44 13 Engine 15 | . 12 20 18 15 6 . Leg 16 | . 28 22 18 7 . . Device 1 | . 4 . . 6 2 . Storage 7 | . 12 9 8 . . . Processor 4 | . . . 6 7 7 7 Protection 14 | . 11 12 18 30 10 . Energy Gun 3 | . 8 8 . . . . Ballistic Gun 5 | . 13 10 . 18 2 . Ballistic Cannon 4 | . . 2 9 1 3 . Launcher 5 | . 3 4 9 . . . Impact Weapon 1 | . . 5 . . . . Naked Turns . | . . . . . . . Heaviest Build 66 | 10 15 45 65 66 66 1 Greatest Support 30 | 20 20 23 30 22 22 16 Greatest Overweight (x) 4 | . . 1 2 2 4 . Average Overweight (x) . | . . . 1 2 . . Largest Inventory Capacity 15 | 5 5 5 15 15 5 5 Average Capacity 8 | 5 5 5 14 6 5 5 Most Carried 14 | 4 4 5 14 14 5 5 Average Carried 4 | . 2 3 7 5 3 4 Final Capacity 15 | 5 5 5 15 5 5 5 Final Carried 14 | 1 3 3 14 3 5 4 Class Distribution -------------------- 47% | Tank 23% | Mutant 19% | Scavenger-Mutant 9% | Scavenger-Tank Dominant Class ---------------- Mutant | -10/Materials Scavenger-Mutant | -9/Materials Tank | -8/Materials Tank | -7/Factory Mutant | -7/Waste Mutant | -7/Factory Resources | -11 -10 -9 -8 -7 -7 -7 ----------- Run | Yrd Mat Mat Mat Fac Was Fac Matter Collected 1210 | 390 121 336 350 . 13 . Remotely . | . . . . . . . Salvage Created 1084 | 88 246 409 299 42 . . Parts 85 | 10 16 30 29 . . . Haulers Intercepted 2 | . 1 1 . . . . Recyclers Shooed . | . . . . . . . Parts Field Recycled . | . . . . . . . Retrieved Matter . | . . . . . . . Parts Self-Destructed . | . . . . . . . Prevented . | . . . . . . . Kills | -11 -10 -9 -8 -7 -7 -7 ------- Run | Yrd Mat Mat Mat Fac Was Fac Combat Hostiles Destroyed 25 | 1 8 8 7 1 . . Guns 8 | 1 1 6 . . . . Cannons 6 | . . . 5 1 . . AOE 11 | . 7 2 2 . . . Classes Destroyed 11 | 3 4 3 1 . . . Worker 4 | 1 1 . 2 . . . Builder 4 | . . . 4 . . . Tunneler 6 | 2 . 1 3 . . . Hauler 2 | . 1 1 . . . . Recycler 1 | . . 1 . . . . Mechanic 1 | . 1 . . . . . Watcher 7 | . 1 2 4 . . . Swarmer 8 | . 2 3 3 . . . Grunt 12 | 1 6 3 2 . . . Brawler 1 | . . 1 . . . . Sentry 4 | . . 1 2 1 . . Best Kill Streak 6 | 3 4 4 6 1 . . Combat Bots Only 3 | 1 3 2 3 1 . . Max Kills in Single Turn 4 | 1 3 3 4 1 . . Gunslinging . | . . . . . . . Exploded 2 | . 2 1 1 . . . Melee . | . . . . . . . Uniques/NPCs Destroyed . | . . . . . . . Combat | -11 -10 -9 -8 -7 -7 -7 -------- Run | Yrd Mat Mat Mat Fac Was Fac Hostile Shots Fired 321 | 3 44 36 46 27 8 157 Missed 148 | 2 15 15 17 10 1 88 Damage Taken 2134 | 12 312 253 400 118 312 727 Core 946 | . 124 48 62 8 58 646 Absorbed by Shields . | . . . . . . . Redirected to Shielding 44 | . 21 23 . . . . Ignored by Resistances 59 | . . . 37 16 6 . Core Remaining (%) 81 | 100 50 88 88 . . . Volleys Fired 109 | 17 24 29 30 4 5 . Largest 3 | 2 2 3 2 2 2 . Hottest 120 | 100 120 100 90 83 83 . Shots Fired 189 | 30 44 62 37 8 8 . Gun 122 | 27 30 58 . 4 3 . Cannon 39 | . . . 30 4 5 . Launcher 24 | . 13 4 7 . . . Special 4 | 3 1 . . . . . Kinetic 111 | 14 22 29 30 8 8 . Thermal 54 | 16 9 29 . . . . Explosive 24 | . 13 4 7 . . . Electromagnetic . | . . . . . . . Robot Hit Streak 20 | 6 8 20 4 6 3 . Robot Miss Streak 3 | 3 2 3 3 1 2 . Penetration Max 1 | . . . 1 . . . Secondary Targets . | . . . . . . . Shots Hit Robots 104 | 17 22 35 19 7 4 . Core Hits 74 | 7 19 24 21 2 1 . Critical Kills . | . . . . . . . Critical Parts Destroyed . | . . . . . . . Critical Strikes 6 | . 1 1 4 . . . Burn 2 | . 1 1 . . . . Blast 4 | . . . 4 . . . Melee Attacks . | . . . . . . . Impact . | . . . . . . . Slashing . | . . . . . . . Piercing . | . . . . . . . Sneak Attacks . | . . . . . . . Combat Hostiles . | . . . . . . . Follow-up Attacks . | . . . . . . . Damage Inflicted 3515 | 182 714 572 1610 203 234 . Guns 733 | 182 121 366 . 26 38 . Cannons 1303 | . . . 930 177 196 . Explosions 1479 | . 593 206 680 . . . Melee . | . . . . . . . Ramming . | . . . . . . . Kinetic 1657 | 84 73 133 930 203 234 . Thermal 379 | 98 48 233 . . . . Explosive 1479 | . 593 206 680 . . . Electromagnetic . | . . . . . . . Impact . | . . . . . . . Slashing . | . . . . . . . Piercing . | . . . . . . . Highest Corruption 2 | . 2 1 . . . . Average Corruption 1 | . 1 1 . . . . Corruption Purged . | . . . . . . . Corruption Blocked . | . . . . . . . Effects 5 | . 1 4 . . . . Message Errors 2 | . . 2 . . . . Heat Flow Errors 1 | . . 1 . . . . Parts Rejected 1 | . 1 . . . . . Data Loss (minor) 1 | . . 1 . . . . Overload Shots . | . . . . . . . Overflow Damage 154 | . 30 . 124 . . . Projectiles 120 | . . . 120 . . . Explosions 34 | . 30 . 4 . . . Melee . | . . . . . . . Knockbacks 5 | . . . 5 . . . Impact . | . . . . . . . Kinetic 5 | . . . 5 . . . Secondary . | . . . . . . . Self-Inflicted Damage 121 | . 15 22 84 . . . Shots 4 | . 1 1 2 . . . Rammed . | . . . . . . . Targets Rammed . | . . . . . . . Kicked . | . . . . . . . Crushed . | . . . . . . . Highest Temperature 290 | 100 50 174 290 239 139 . Average Temperature 73 | 33 19 69 89 148 70 . Received Heat Transfer 462 | 6 138 90 126 42 . 60 Effects 1 | . . . 1 . . . Energy Bleed 1 | . . . 1 . . . Siege Activations . | . . . . . . . Robots Corrupted . | . . . . . . . Combat Hostiles . | . . . . . . . Parts Fried . | . . . . . . . Impact Corruptions . | . . . . . . . Robots Melted . | . . . . . . . Combat Hostiles . | . . . . . . . Parts Melted 1 | . 1 . . . . . Heat Transferred 1258 | 296 222 740 . . . . Parts Sabotaged . | . . . . . . . Parts Stolen . | . . . . . . . Parts Stripped . | . . . . . . . Power Chain Reactions . | . . . . . . . Alert | -11 -10 -9 -8 -7 -7 -7 ------- Run | Yrd Mat Mat Mat Fac Was Fac Peak Influence 356 | 35 353 356 273 132 47 185 Initial 148 | . 22 148 120 86 46 10 Average 148 | 14 101 274 172 90 19 36 Maximum Alert Level 1 | . 1 1 1 . . . Low Security (%) 68 | 100 76 15 75 100 100 100 Level 1 31 | . 23 84 24 . . . Level 2 . | . . . . . . . Level 3 . | . . . . . . . Level 4 . | . . . . . . . Level 5 . | . . . . . . . High Security . | . . . . . . . Max Security . | . . . . . . . Squads Dispatched 5 | . 3 . 2 . . . Investigation 1 | . 1 . . . . . Extermination . | . . . . . . . Reinforcement 4 | . 2 . 2 . . . Assault . | . . . . . . . Garrison . | . . . . . . . Intercept . | . . . . . . . Searches Triggered . | . . . . . . . Construction Impeded 1 | . . . 1 . . . Haulers Reinforced . | . . . . . . . Active Scanning Responses . | . . . . . . . Cargo Convoy Interrupts . | . . . . . . . Stealth | -11 -10 -9 -8 -7 -7 -7 --------- Run | Yrd Mat Mat Mat Fac Was Fac Distress Signals 4 | . 1 1 1 . . 1 Communications Jammed . | . . . . . . . Distress Signals . | . . . . . . . Times Spotted 71 | 1 13 17 16 1 6 17 Peak Tracking Total 8 | 1 5 4 4 1 6 8 Tactical Retreats 7 | . . 2 1 . 1 3 Traps | -11 -10 -9 -8 -7 -7 -7 ------- Run | Yrd Mat Mat Mat Fac Was Fac Traps Triggered 5 | . 2 1 . 1 . 1 Indirectly . | . . . . . . . Trap Hack Attempts . | . . . . . . . Triggered . | . . . . . . . Disarmed . | . . . . . . . Reprogrammed . | . . . . . . . Reused . | . . . . . . . Traps Extracted . | . . . . . . . Installed . | . . . . . . . Triggered . | . . . . . . . Machines | -11 -10 -9 -8 -7 -7 -7 ---------- Run | Yrd Mat Mat Mat Fac Was Fac Machines Disabled 8 | . 4 . 4 . . . Max in Single Turn 3 | . 2 . 3 . . . Machines Repaired . | . . . . . . . Machines Dismantled . | . . . . . . . Machines Sabotaged . | . . . . . . . Overloaded Fab Kills . | . . . . . . . Hacking | -11 -10 -9 -8 -7 -7 -7 --------- Run | Yrd Mat Mat Mat Fac Was Fac Machines Accessed 6 | . 2 4 . . . . Terminals 4 | . 1 3 . . . . Fabricators . | . . . . . . . Repair Stations 1 | . 1 . . . . . Recycling Units 1 | . . 1 . . . . Scanalyzers . | . . . . . . . Garrison Access . | . . . . . . . Total Hacks 16 | . 6 10 . . . . Successful 8 | . 1 7 . . . . Failed 8 | . 5 3 . . . . Catastrophic . | . . . . . . . Database Lockouts . | . . . . . . . Manual . | . . . . . . . Terminals 10 | . 3 7 . . . . Fabricators . | . . . . . . . Repair Stations 3 | . 3 . . . . . Recycling Units 3 | . . 3 . . . . Scanalyzers . | . . . . . . . Garrison Access . | . . . . . . . Terminal Hacks 5 | . 1 4 . . . . Record 4 | . 1 3 . . . . Alert Level 1 | . . 1 . . . . Fabricator Hacks . | . . . . . . . Repair Station Hacks . | . . . . . . . Recycling Unit Hacks 3 | . . 3 . . . . Process 2 | . . 2 . . . . Report Inventory 1 | . . 1 . . . . Scanalyzer . | . . . . . . . Garrison Access Hacks . | . . . . . . . Unauthorized Hacks . | . . . . . . . Terminals . | . . . . . . . Fabricators . | . . . . . . . Repair Stations . | . . . . . . . Recycling Units . | . . . . . . . Scanalyzers . | . . . . . . . Garrison Access . | . . . . . . . Data Cores Recovered . | . . . . . . . Used . | . . . . . . . Hacking Detections 4 | . 2 2 . . . . Full Trace Events 1 | . 1 . . . . . Feedback Events 1 | . 1 . . . . . Corruption 1 | . 1 . . . . . Feedback Blocked . | . . . . . . . Robot Schematics Acquired . | . . . . . . . Robots Built . | . . . . . . . Authchips . | . . . . . . . Time . | . . . . . . . Total Robot Build Rating . | . . . . . . . Part Schematics Acquired . | . . . . . . . Parts Built . | . . . . . . . Authchips . | . . . . . . . Time . | . . . . . . . Total Part Build Rating . | . . . . . . . Parts Repaired . | . . . . . . . Time . | . . . . . . . Parts Recycled . | . . . . . . . Recycled Matter 199 | . . 199 . . . . Retrieved Matter . | . . . . . . . Retrieved Components . | . . . . . . . Parts Scanalyzed . | . . . . . . . Part Schematics Acquired . | . . . . . . . Parts Damaged . | . . . . . . . Bothacking | -11 -10 -9 -8 -7 -7 -7 ------------ Run | Yrd Mat Mat Mat Fac Was Fac Used RIF Installer . | . . . . . . . Robots Hacked . | . . . . . . . Non-combat . | . . . . . . . Combat . | . . . . . . . Robot Hacks Applied . | . . . . . . . Relay Couplers Released . | . . . . . . . Fabnet Peak Effective % . | . . . . . . . Robots Rewired . | . . . . . . . Allies Hacked . | . . . . . . . Hacks Repelled . | . . . . . . . Allies | -11 -10 -9 -8 -7 -7 -7 -------- Run | Yrd Mat Mat Mat Fac Was Fac Total Allies 1 | . . . . . 1 . Largest Group 1 | . . . . . 1 . Highest-Rated Group 31 | . . . . . 31 . Highest-Rated Ally 31 | . . . . . 31 . Total Orders . | . . . . . . . Ally Attacks 11 | . . . . . 11 . Total Damage 166 | . . . . . 166 . Kills . | . . . . . . . Allies Corrupted . | . . . . . . . Allies Melted . | . . . . . . . Intel | -11 -10 -9 -8 -7 -7 -7 ------- Run | Yrd Mat Mat Mat Fac Was Fac Robot Analysis Total . | . . . . . . . Derelict Logs Recovered . | . . . . . . . Drone Launches . | . . . . . . . Drone Recoveries . | . . . . . . . Exploration | -11 -10 -9 -8 -7 -7 -7 ------------- Run | Yrd Mat Mat Mat Fac Was Fac Turns Passed 3120 | 256 376 722 1132 153 150 331 Spaces Moved 1749 | 169 241 353 397 40 114 435 Core 198 | 27 . . . . . 171 Treads 49 | . . . . 40 9 . Legs 1133 | 142 241 353 397 . . . Wheels 369 | . . . . . 105 264 Hover . | . . . . . . . Flight . | . . . . . . . Fastest Speed 50 | 50 120 120 190 305 90 50 Average Speed 152 | 108 120 167 258 305 114 74 Slowest Speed 305 | 120 120 190 265 305 305 90 Overloaded Moves . | . . . . . . . Propulsion Burnouts . | . . . . . . . Robots Hopped . | . . . . . . . Cave-ins Triggered . | . . . . . . . Exploration Rate (%) 27 | 9 34 28 46 1 67 6 Regions Visited 6 Branch Regions . Pre-discovered Areas . | . . . . . . . Known Exits Taken . | . . . . . . . Unknown Exits Taken 4 | 1 1 1 1 . . . Scrap Searched . | . . . . . . . Spaces Dug 5 | 1 . 4 . . . . Terrain Destroyed 104 | 2 33 24 43 1 1 . Melee . | . . . . . . . Projectile 16 | 2 1 . 11 1 1 . AOE 88 | . 32 24 32 . . . Terrain Rammed . | . . . . . . . Walls Destroyed . | . . . . . . . Machines Disabled . | . . . . . . . Actions | -11 -10 -9 -8 -7 -7 -7 --------- Run | Yrd Mat Mat Mat Fac Was Fac Total 2010 | 208 283 434 449 70 123 443 Wait . | . . . . . . . Move 1744 | 168 240 352 396 40 113 435 Hop . | . . . . . . . Pick Up 52 | 11 6 15 15 1 3 1 Fast Attach . | . . . . . . . Attach 27 | 7 1 6 2 10 . 1 Detach 4 | . . 1 . 3 . . Swap 32 | 2 9 13 5 2 1 . Drop 37 | 3 3 18 1 10 1 1 Fire 109 | 17 24 29 30 4 5 . Melee . | . . . . . . . Ram . | . . . . . . . Kick . | . . . . . . . Crush . | . . . . . . . Escape Stasis 5 | . . . . . . 5 Rewire . | . . . . . . . Trap . | . . . . . . . Miscellaneous . | . . . . . . . Route ------- -11/Scrapyard -10/Materials (discovered 2 exits: *Mat / [*Min]) -9/Materials (discovered 3 exits: *Mat / [*Sto x2]) -8/Materials -7/Factory -7/Waste -7/Factory History --------- Turn | Location | Event 2 | -11/Scrapyard | Met Revision 17 145 | -11/Scrapyard | Discovered new exit (range 8) 257 | -11/Scrapyard | Entered Materials 314 | -10/Materials | Discovered new exit (range 13) 315 | -10/Materials | Build established: Scavenger-Mutant 453 | -10/Materials | Discovered new exit (range 14) 621 | -10/Materials | Build established: Mutant 633 | -10/Materials | Entered another Materials area 633 | -9/Materials | Evolved 2 slots: Power x1, Weapon x1 645 | -9/Materials | Discovered new exit (range 12) 1191 | -9/Materials | Discovered new exit (range 15) 1198 | -9/Materials | Build established: Scavenger-Mutant 1295 | -9/Materials | Discovered new exit (range 16) 1355 | -9/Materials | Entered another Materials area 1355 | -8/Materials | Evolved 2 slots: Utility x2 1750 | -8/Materials | Build established: Tank 2445 | -8/Materials | Discovered new exit (range 16) 2487 | -8/Materials | Entered Factory 2487 | -7/Factory | Evolved 2 slots: Utility x2 2640 | -7/Factory | Sucked down chute 2640 | -7/Factory | Entered Waste 2641 | -7/Waste | Met a frightened Derelict 2669 | -7/Waste | Spotted C-40 Crusher 2687 | -7/Waste | Spotted C-40 Crusher 2687 | -7/Waste | Spotted C-40 Crusher 2692 | -7/Waste | Crushed by Compactor (1 part destroyed) 2695 | -7/Waste | Crushed by Compactor (1 part destroyed, 1 dropped) 2699 | -7/Waste | Crushed by Compactor (0 parts destroyed, 2 dropped) 2703 | -7/Waste | Crushed by Compactor (1 part destroyed, 1 dropped) 2703 | -7/Waste | Crushed by Compactor (1 part destroyed, 1 dropped) 2717 | -7/Waste | Spotted C-40 Crusher 2720 | -7/Waste | Spotted C-40 Crusher 2743 | -7/Waste | Spotted C-40 Crusher 2758 | -7/Waste | Lost 5 parts (1p1n1u2w) 2766 | -7/Waste | Discovered new exit (range 16) 2790 | -7/Waste | Entered Factory 3000 | -7/Factory | Build established: Mutant 3087 | -7/Factory | Core integrity fell below 50% 3111 | -7/Factory | Core integrity fell below 20% 3121 | -7/Factory | Destroyed by S-27 Virus with Autogun Last Messages --------------- Field strength at 68. Field strength at 52. Field strength at 36. Field strength at 20. Field strength at 4. Stasis field depleted. Connecting with DSF Access... Current location identified: Factory Once familiar with the basic mechanics, press ESC then '3' to read the in-game manual for more details. ALERT: All DSF locations entering lockdown mode. Centrium Wheel destroyed. W-25 Informer sends out distress signal. Mni. Grenade Launcher destroyed. Connecting with Fabricator... S-27 Virus destroyed. M-13 Machinist repairs Y-54 Guardian. T-07 Excavator destroyed. [Achievement: First Step to Greatness] Map ----- +----------------------------------------------------+ | ??????????????????#""" """ !#??# #?# | | ??????????????????#""" #??# """ """ #?# | | ??????????????????# """"" #??# """ """ #?# | | ??????????????????# ! """"" #??# """ """ #?# | | ??????????????????# """ #??# #?# | | ??????????????????# = #??#! ! #?# | | ??????????????????# #??# #?# | | ??????????????????# #??# #?# | | ??????????????????#######+#############+########## | | ?????????????????????# *% | | ?????????????????????# = | | ?????????????????????# | | ?????????????????????# | | ?????????????????????# Y | | ?????????????????????# s############ T######### | | ?????????????????????# #??????????####?????# | | ?????????????????????# ss#???????????????????# | | ?????????????????????# #???????????????????# | | ?????????????????????# #???????????????????# | | ?????????????????????# #???????????????????# | | ?????????????????????# #???????????????????# | | ?????????????????????# #???????????????????# | | ?????????????????????# #???????????????????# | | ?????????????????????# #???????????????????# | | ?????????????????????# |%#???????????????????# | | ?????????????????????# @*#???????????????????# ? | | ?????????????????????# #???????????????????#?? | | ?????????????????????# #?????????????????????? | | ?????????????????????# #?????????????????????? | | ?????????????????????# #?????????????????????? | | ?????????????????????# #?????????????????????? | | ?????????????????????+ #?????????????????????? | | ?????????????????????# #?????????????????????? | | ?????????????????????# #?????????????????????? | | ?????????????????????# #?????????????????????? | | ?????????????????????# #?????????????????????? | | ?????????????????????# #?????????????????????? | | ?????????????????????# #?????????????????????? | | ?????????????????????/a +?????????????????????? | | ?????????????????????# #?????????????????????? | | ?????????????????????# #?????????????????????? | | ?????????????????????# #?????????????????????? | | ?????????????????????# #?????????????????????? | | ?????????????????????? ??????????????????????? | | ?????????????????????????????????????????????????? | | ?????????????????????????????????????????????????? | | ?????????????????????????????????????????????????? | | ?????????????????????????????????????????????????? | | ?????????????????????????????????????????????????? | | ?????????????????????????????????????????????????? | +----------------------------------------------------+ Best States ------------- Heat Dissipation 34 Energy Generation 21 Energy Capacity 680 Matter Stores 400 Matter Capacity 400 Sight Range 16 Terrain Scan Range 16 Terrain Scan Density 10 Armor Coverage 825 Resistance: KI 20 Weapon Shielding 33 Evasion (%) 55 Targeting Accuracy 8 Recoil Reduction 5 Salvage Targeting 1 Item Schematics ----------------- None Robot Schematics ------------------ None Fabricated ------------ Nothing Alien Tech Used ----------------- None Achievements -------------- Crack Shot First Step to Greatness Loot Pinata Made in Tau Ceti IV Oops Please Form A Line Uninvited Guest Challenges ------------ None Game ------ Seed TerrainAlloySteel Manual? 0 Play Time 00:50:18 Cumulative 0.8 hours Start 2024.06.18 @ 16:09:21 End 2024.06.18 @ 17:08:28 Sessions 1 Manual Loads 0 Difficulty Rogue Special Mode None Game No. 1 Rogue 1 Adventurer 0 Explorer 0 Win Type - Total 0 Types 0/0/0/0/0/0/0/0/0 Lore% 0 Gallery% 2 Achievement% 2 Wizard Run 0 Options --------- Layout 1 ASCII 0 Keyboard 0 Movement Mouse Keybinds 0 Fullscreen 1 Font 24/Smallcaps Map View 50x35 Zoom Use 0% Tactical HUD 0 Map Filters NONE Filters NONE Steam 1 RUN: a726b049-5530-44d0-afee-d0765ab9cf33